| TOP OF THE 1ST |
|
Round Rock Express batting - Pitching for Rochester Red Wings : RHP Bill Rondeau
|
|
Pitching: RHP Bill Rondeau
|
|
|
Batting: RHB Bill Turnbull
|
0-0: SINGLE (Groundball, 56S, EV 66.9 MPH) (infield hit)
|
|
Batting: RHB Adryão Anto
|
0-0: Called Strike Bill Turnbull steals 2nd base 0-1: Ball 1-1: Foul Ball, location: 2F 1-2: Strikes out swinging
|
|
Batting: LHB Josh Stuck
|
0-0: Ball 1-0: Called Strike 1-1: Ball 2-1: Foul Ball, location: 2F 2-2: Ground out 1-3 (Groundball, 34S, EV 59.4 MPH) Bill Turnbull to third
|
|
Batting: LHB Zion Davidson
|
0-0: Called Strike 0-1: Ball 1-1: Ball 2-1: Ball 3-1: Fly out, F8 (Flyball, 8RXD, EV 98.1 MPH)
|
| Top of the 1st over - 0 runs, 1 hit, 0 errors, 1 left on base; Round Rock 0 - Rochester 0 |
| BOTTOM OF THE 1ST |
|
Rochester Red Wings batting - Pitching for Round Rock Express : RHP Andy Zecher
|
|
Pitching: RHP Andy Zecher
|
|
|
Batting: RHB Joe Young
|
0-0: Ball 1-0: Ground out 4-3 (Groundball, 4, EV 96.2 MPH)
|
|
Batting: SHB Ian Thompson
|
0-0: Called Strike 0-1: Called Strike 0-2: Strikes out swinging
|
|
Batting: LHB Chaim Huting
|
0-0: Called Strike 0-1: Ball 1-1: Foul Ball, location: 2F 1-2: Ball 2-2: Ball 3-2: SOLO HOME RUN (Flyball, 7D, EV 96.2 MPH), Distance : 374 ft
|
|
Batting: LHB Chris Munguia
|
0-0: Called Strike 0-1: Fly out, F9 (Flyball, 9, EV 88.8 MPH)
|
| Bottom of the 1st over - 1 run, 1 hit, 0 errors, 0 left on base; Round Rock 0 - Rochester 1 |
| TOP OF THE 2ND |
|
Round Rock Express batting - Pitching for Rochester Red Wings : RHP Bill Rondeau
|
|
Batting: RHB Mike Quackenbush
|
0-0: Called Strike 0-1: Ball 1-1: Foul Ball, location: 2F 1-2: Ball 2-2: Ball 3-2: Foul Ball, location: 2F 3-2: Foul Ball, location: 2F 3-2: Base on Balls
|
|
Batting: RHB Martin Guerrero
|
0-0: Ball Mike Quackenbush steals 2nd base 1-0: Called Strike 1-1: Fly out, F8 (Line Drive, 8RD, EV 105.0 MPH)
|
|
Batting: RHB Ivan Colon
|
0-0: Called Strike 0-1: Ball 1-1: Swinging Strike 1-2: Foul Ball, location: 2F 1-2: Ball 2-2: Strikes out swinging
|
|
Batting: RHB Jeremy Boerman
|
0-0: Swinging Strike 0-1: Ground out 6-3 (Groundball, 6, EV 84.4 MPH)
|
| Top of the 2nd over - 0 runs, 0 hits, 0 errors, 1 left on base; Round Rock 0 - Rochester 1 |
| BOTTOM OF THE 2ND |
|
Rochester Red Wings batting - Pitching for Round Rock Express : RHP Andy Zecher
|
|
Batting: RHB Manuel Juarez
|
0-0: Ball 1-0: Called Strike 1-1: Ball 2-1: Ball 3-1: Base on Balls
|
|
Batting: RHB Ryan Gautney
|
0-0: Ball 1-0: Called Strike Manuel Juarez steals 2nd base 1-1: Called Strike 1-2: Ball Wild Pitch! Manuel Juarez to third 2-2: Fly out, F8 (Flyball, 8LD, EV 82.5 MPH) Runner from 3rd tags up, SCORES, no throw by CF
|
|
Batting: RHB Mike Craver
|
0-0: Swinging Strike 0-1: Ball 1-1: Ball 2-1: Swinging Strike 2-2: Strikes out swinging
|
|
Batting: RHB Juan Espinoza
|
0-0: Called Strike 0-1: Ball 1-1: Ball 2-1: Called Strike 2-2: Foul Ball, location: 2F 2-2: Foul Ball, location: 2F 2-2: Ball 3-2: Foul Ball, location: 2F 3-2: Strikes out looking
|
| Bottom of the 2nd over - 1 run, 0 hits, 0 errors, 0 left on base; Round Rock 0 - Rochester 2 |
| TOP OF THE 3RD |
|
Round Rock Express batting - Pitching for Rochester Red Wings : RHP Bill Rondeau
|
|
Batting: RHB Luis Arce
|
0-0: Foul Ball, location: 2F 0-1: Foul Ball, location: 2F 0-2: Strikes out looking
|
|
Batting: RHB Bill Turnbull
|
0-0: Foul Ball, location: 2F 0-1: Ball 1-1: Foul Ball, location: 2F 1-2: Foul Ball, location: 2F 1-2: Ball 2-2: Ball 3-2: Fly out, F8 (Flyball, 8RS, EV 88.1 MPH)
|
|
Batting: RHB Adryão Anto
|
0-0: Swinging Strike 0-1: Ball 1-1: Foul Ball, location: 2F 1-2: Ball 2-2: Strikes out swinging
|
| Top of the 3rd over - 0 runs, 0 hits, 0 errors, 0 left on base; Round Rock 0 - Rochester 2 |
| BOTTOM OF THE 3RD |
|
Rochester Red Wings batting - Pitching for Round Rock Express : RHP Andy Zecher
|
|
Batting: RHB Jeremy Witt
|
0-0: Called Strike 0-1: Swinging Strike 0-2: Ball 1-2: Ball 2-2: Ground out 4-3 (Groundball, 4, EV 89.4 MPH)
|
|
Batting: RHB Joe Young
|
0-0: Ground out 6-3 (Groundball, 6, EV 80.0 MPH)
|
|
Batting: SHB Ian Thompson
|
0-0: Ball 1-0: SINGLE (Groundball, 6D, EV 110.0 MPH)
|
|
Batting: LHB Chaim Huting
|
0-0: Ball 1-0: Ball 2-0: Ball Ian Thompson is caught stealing 2nd base 2-6
|
| Bottom of the 3rd over - 0 runs, 1 hit, 0 errors, 0 left on base; Round Rock 0 - Rochester 2 |
| TOP OF THE 4TH |
|
Round Rock Express batting - Pitching for Rochester Red Wings : RHP Bill Rondeau
|
|
Batting: LHB Josh Stuck
|
0-0: Ball 1-0: Swinging Strike 1-1: Ball 2-1: SINGLE (Line Drive, 7S, EV 111.2 MPH)
|
|
Batting: LHB Zion Davidson
|
0-0: Swinging Strike 0-1: Fly out, F5 (Popup, 56S, EV 78.8 MPH)
|
|
Batting: RHB Mike Quackenbush
|
0-0: Called Strike 0-1: Fielders Choice at 2nd, 5-4 (Groundball, 56, EV 85.0 MPH)
|
|
Batting: RHB Martin Guerrero
|
0-0: Ball Mike Quackenbush steals 2nd, throwing error, E2 Mike Quackenbush to third 1-0: Ball 2-0: Ball 3-0: Called Strike 3-1: SINGLE (Groundball, 6MD, EV 107.5 MPH) (infield hit) Mike Quackenbush scores
|
|
Batting: RHB Ivan Colon
|
0-0: Called Strike 0-1: Ground out 6-3 (Groundball, 6MS, EV 67.5 MPH)
|
| Top of the 4th over - 1 run, 2 hits, 1 error, 1 left on base; Round Rock 1 - Rochester 2 |
| BOTTOM OF THE 4TH |
|
Rochester Red Wings batting - Pitching for Round Rock Express : RHP Andy Zecher
|
|
Batting: LHB Chaim Huting
|
0-0: Called Strike 0-1: Swinging Strike 0-2: Ground out 4-3 (Groundball, 4, EV 83.8 MPH)
|
|
Batting: LHB Chris Munguia
|
0-0: Called Strike 0-1: Foul Ball, location: 2F 0-2: Foul Ball, location: 2F 0-2: Ball 1-2: Ball 2-2: Foul Ball, location: 2F 2-2: Foul Ball, location: 2F 2-2: DOUBLE (Line Drive, 89D, EV 114.4 MPH)
|
|
Batting: RHB Manuel Juarez
|
0-0: Foul Ball, location: 2F 0-1: Swinging Strike 0-2: Ball 1-2: Ball 2-2: Ball 3-2: Foul Ball, location: 2F 3-2: Foul Ball, location: 2F 3-2: Foul Ball, location: 2F 3-2: Base on Balls
|
|
Batting: RHB Ryan Gautney
|
0-0: Called Strike 0-1: Ball 1-1: Called Strike 1-2: Ball 2-2: Strikes out swinging
|
|
Batting: RHB Mike Craver
|
0-0: Ball 1-0: Ball 2-0: Ball 3-0: Called Strike 3-1: Ground out 4-3 (Groundball, 4, EV 87.5 MPH)
|
| Bottom of the 4th over - 0 runs, 1 hit, 0 errors, 2 left on base; Round Rock 1 - Rochester 2 |
| TOP OF THE 5TH |
|
Round Rock Express batting - Pitching for Rochester Red Wings : RHP Bill Rondeau
|
|
Batting: RHB Jeremy Boerman
|
0-0: Ground out 5-3 (Groundball, 56S, EV 86.9 MPH)
|
|
Batting: RHB Luis Arce
|
0-0: Called Strike 0-1: Ball 1-1: Called Strike 1-2: Foul Ball, location: 2F 1-2: Strikes out swinging
|
|
Batting: RHB Bill Turnbull
|
0-0: Called Strike 0-1: Foul Ball, location: 2F 0-2: Ball 1-2: Ball 2-2: Foul Ball, location: 2F 2-2: Ball 3-2: Strikes out swinging
|
| Top of the 5th over - 0 runs, 0 hits, 0 errors, 0 left on base; Round Rock 1 - Rochester 2 |
| BOTTOM OF THE 5TH |
|
Rochester Red Wings batting - Pitching for Round Rock Express : RHP Andy Zecher
|
|
Batting: RHB Juan Espinoza
|
0-0: Called Strike 0-1: Ball 1-1: Foul Ball, location: 2F 1-2: Ball 2-2: Foul Ball, location: 2F 2-2: Fly out, F9 (Flyball, 9D, EV 95.6 MPH)
|
|
Batting: RHB Jeremy Witt
|
0-0: Ball 1-0: Foul Ball, location: 2F 1-1: Ball 2-1: Swinging Strike 2-2: Foul Ball, location: 2F 2-2: Foul Ball, location: 2F 2-2: Fly out, F9 (Flyball, 89XD, EV 102.5 MPH)
|
|
Batting: RHB Joe Young
|
0-0: Foul Ball, location: 2F 0-1: Ball 1-1: Ball 2-1: Ball 3-1: Base on Balls
|
|
Batting: SHB Ian Thompson
|
0-0: Ball 1-0: Ball 2-0: Called Strike 2-1: Ball 3-1: Fielders Choice at 2nd, U6 (Groundball, 4MD, EV 92.5 MPH)
|
| Bottom of the 5th over - 0 runs, 0 hits, 0 errors, 1 left on base; Round Rock 1 - Rochester 2 |
| TOP OF THE 6TH |
|
Round Rock Express batting - Pitching for Rochester Red Wings : RHP Bill Rondeau
|
|
Batting: RHB Adryão Anto
|
0-0: Ball 1-0: Ball 2-0: Fly out, F4 (Popup, 4M, EV 60.0 MPH)
|
|
Batting: LHB Josh Stuck
|
0-0: Called Strike 0-1: Foul Ball, location: 2F 0-2: Strikes out swinging
|
|
Batting: LHB Zion Davidson
|
0-0: Ball 1-0: SINGLE (Line Drive, 8LS, EV 103.1 MPH)
|
|
Batting: RHB Mike Quackenbush
|
0-0: Ball 1-0: Foul Ball, location: 2F 1-1: Called Strike 1-2: Hit by Pitch Zion Davidson to second
|
|
Batting: RHB Martin Guerrero
|
0-0: Ball 1-0: Ball 2-0: Ball 3-0: Called Strike 3-1: Foul Ball, location: 2F 3-2: Base on Balls Zion Davidson to third Mike Quackenbush to second
|
|
Batting: RHB Ivan Colon
|
0-0: Fly out, F8 (Flyball, 89S, EV 85.0 MPH)
|
| Top of the 6th over - 0 runs, 1 hit, 0 errors, 3 left on base; Round Rock 1 - Rochester 2 |
| BOTTOM OF THE 6TH |
|
Rochester Red Wings batting - Pitching for Round Rock Express : RHP Andy Zecher
|
|
Pitching: LHP John McRight
|
|
|
Batting: LHB Chaim Huting
|
0-0: Ball 1-0: Ball 2-0: Called Strike 2-1: Reached on error, E1 (Groundball, 13, EV 65.6 MPH)
|
|
Batting: LHB Chris Munguia
|
0-0: Ball 1-0: Called Strike 1-1: Ball 2-1: Called Strike 2-2: Foul Ball, location: 2F 2-2: Ball 3-2: Ground out 4-3 (Groundball, 34, EV 104.4 MPH) Chaim Huting to third
|
|
Batting: RHB Manuel Juarez
|
0-0: Called Strike 0-1: Foul Ball, location: 2F 0-2: Ball 1-2: Foul Ball, location: 2F 1-2: Ball 2-2: Strikes out swinging
|
|
Batting: RHB Ryan Gautney
|
0-0: DOUBLE (Line Drive, 7LM, EV 106.2 MPH) Chaim Huting scores
|
|
Batting: RHB Mike Craver
|
0-0: Foul Ball, location: 2F 0-1: Ball 1-1: Foul Ball, location: 2F 1-2: Ball Wild Pitch! Ryan Gautney to third 2-2: Ball 3-2: Foul Ball, location: 2F 3-2: Base on Balls
|
|
Batting: RHB Juan Espinoza
|
0-0: Called Strike 0-1: Ball 1-1: 3-RUN HOME RUN (Flyball, 7LD, EV 95.0 MPH), Distance : 356 ft
|
|
Pitching: RHP Victor Nunez
|
|
|
Batting: RHB Jeremy Witt
|
0-0: Called Strike 0-1: Ball 1-1: Ball 2-1: Foul Ball, location: 2F 2-2: Foul Ball, location: 2F 2-2: SINGLE (Groundball, 56D, EV 111.2 MPH)
|
|
Batting: RHB Joe Young
|
0-0: Called Strike 0-1: Ball 1-1: Fielders Choice at 2nd, 6-4 (Groundball, 6, EV 105.6 MPH)
|
| Bottom of the 6th over - 4 runs, 3 hits, 1 error, 1 left on base; Round Rock 1 - Rochester 6 |
| TOP OF THE 7TH |
|
Round Rock Express batting - Pitching for Rochester Red Wings : RHP Bill Rondeau
|
|
Batting: RHB Jeremy Boerman
|
0-0: Called Strike 0-1: Ball 1-1: Ground out 6-3 (Groundball, 6, EV 85.6 MPH)
|
|
Batting: RHB Luis Arce
|
0-0: Ball 1-0: Ball 2-0: SINGLE (Groundball, 6MD, EV 105.0 MPH)
|
|
Pitching: RHP Matthew Lange
|
|
|
Batting: RHB Bill Turnbull
|
0-0: Called Strike 0-1: Ball 1-1: Fielders Choice at 2nd, 4-6 (Groundball, 4, EV 91.2 MPH)
|
|
Batting: RHB Adryão Anto
|
0-0: Ball 1-0: Called Strike Bill Turnbull steals 2nd, throwing error, E2 Bill Turnbull to third 1-1: SINGLE (Groundball, 6S, EV 65.0 MPH) (infield hit) Bill Turnbull scores
|
|
Batting: LHB Josh Stuck
|
0-0: Fielders Choice at 2nd, 5-4 (Groundball, 5, EV 81.2 MPH)
|
| Top of the 7th over - 1 run, 2 hits, 1 error, 1 left on base; Round Rock 2 - Rochester 6 |
| BOTTOM OF THE 7TH |
|
Rochester Red Wings batting - Pitching for Round Rock Express : RHP Victor Nunez
|
|
Batting: SHB Ian Thompson
|
0-0: Ball 1-0: Ground out 4-3 (Groundball, 4, EV 81.9 MPH)
|
|
Batting: LHB Chaim Huting
|
0-0: Swinging Strike 0-1: Called Strike 0-2: Ball 1-2: Ball 2-2: SINGLE (Line Drive, 34D, EV 103.1 MPH)
|
|
Batting: LHB Chris Munguia
|
0-0: Called Strike 0-1: Swinging Strike 0-2: Ball 1-2: Ball 2-2: DOUBLE (Line Drive, 9LM, EV 105.6 MPH) Chaim Huting to third
|
|
Batting: RHB Manuel Juarez
|
0-0: Called Strike 0-1: Foul Ball, location: 2F 0-2: Ball 1-2: Ball 2-2: Strikes out swinging
|
|
Batting: RHB Ryan Gautney
|
0-0: Ball 1-0: Foul Ball, location: 2F 1-1: Foul Ball, location: 2F 1-2: Fly out, F9 (Line Drive, 9, EV 84.4 MPH)
|
| Bottom of the 7th over - 0 runs, 2 hits, 0 errors, 2 left on base; Round Rock 2 - Rochester 6 |
| TOP OF THE 8TH |
|
Round Rock Express batting - Pitching for Rochester Red Wings : RHP Matthew Lange
|
|
Batting: LHB Zion Davidson
|
0-0: Fly out, F7 (Flyball, 7S, EV 75.6 MPH)
|
|
Batting: RHB Mike Quackenbush
|
0-0: Fly out, F8 (Flyball, 8RD, EV 106.2 MPH)
|
|
Batting: RHB Martin Guerrero
|
0-0: Ball 1-0: Called Strike 1-1: Ball 2-1: Ball 3-1: Swinging Strike 3-2: Base on Balls
|
|
Batting: RHB Ivan Colon
|
0-0: Called Strike 0-1: Ball 1-1: Swinging Strike 1-2: Ball 2-2: Strikes out swinging
|
| Top of the 8th over - 0 runs, 0 hits, 0 errors, 1 left on base; Round Rock 2 - Rochester 6 |
| BOTTOM OF THE 8TH |
|
Rochester Red Wings batting - Pitching for Round Rock Express : RHP Victor Nunez
|
|
Batting: RHB Mike Craver
|
0-0: Foul Ball, location: 2F 0-1: Ball 1-1: Ball 2-1: Called Strike 2-2: Ball 3-2: SINGLE (Line Drive, 5D, EV 98.1 MPH)
|
|
Batting: RHB Juan Espinoza
|
0-0: Ball Wild Pitch! Mike Craver to second 1-0: Ball 2-0: Called Strike 2-1: Swinging Strike 2-2: Foul Ball, location: 2F 2-2: Strikes out swinging
|
|
Batting: RHB Jeremy Witt
|
0-0: Fly out, F7 (Flyball, 7D, EV 93.8 MPH) Runner from 2nd tags up, SAFE at 3rd, no throw by LF
|
|
Batting: RHB Joe Young
|
0-0: Ball 1-0: Fly out, F7 (Flyball, 7, EV 94.4 MPH)
|
| Bottom of the 8th over - 0 runs, 1 hit, 0 errors, 1 left on base; Round Rock 2 - Rochester 6 |
| TOP OF THE 9TH |
|
Round Rock Express batting - Pitching for Rochester Red Wings : RHP Matthew Lange
|
|
Batting: RHB Jeremy Boerman
|
0-0: Called Strike 0-1: Foul Ball, location: 2F 0-2: Ball 1-2: Ball 2-2: Ground out 5-3 (Groundball, 5, EV 103.1 MPH)
|
|
Pinch Hitting: LHB Jody Hudson
|
0-0: Ball 1-0: Called Strike 1-1: Swinging Strike 1-2: Ball 2-2: Strikes out swinging
|
|
Batting: RHB Bill Turnbull
|
0-0: Foul Ball, location: 2F 0-1: Hit by Pitch
|
|
Batting: RHB Adryão Anto
|
0-0: Ball 1-0: Fly out, F7 (Flyball, 78S, EV 90.0 MPH)
|
| Top of the 9th over - 0 runs, 0 hits, 0 errors, 1 left on base; Round Rock 2 - Rochester 6 |
|